 Dungeon Crawl Stone Soup version 0.19-a0-1886-gd64a0f0 (webtiles) character file.

450 Psiweapon the Slasher (level 6, -15/44 HPs)
             Began as a Vampire Gladiator on Oct 16, 2016.
             Demolished by an ogre
             ... wielding a +0 giant club
              (21 damage)
             ... on level 4 of the Dungeon.
             The game lasted 00:09:43 (4149 turns).

Psiweapon the Slasher (Vampire Gladiator)           Turns: 4149, Time: 00:09:43

Health: -15/44     AC:  5    Str: 14    XL:     6   Next: 74%
Magic:  6/6        EV: 14    Int: 11    God:
Gold:   134        SH:  0    Dex: 16    Spells: 0 memorised, 5 levels left

rFire  . . .     SeeInvis +     a - +0 long sword
rCold  . . .     Gourm    .     q - +0 leather armour (curse)
rNeg   . . .     Faith    .     (no shield)
rPois  .         Spirit   .     c - +0 helmet
rElec  .         Dismiss  .     x - +0 cloak
rCorr  .         Reflect  .     (no gloves)
MR     +....     Harm     .     (no boots)
Stlth  +.........               f - amulet of magic regeneration (curse)
                                (no ring)
                                s - ring of protection from magic

@: regenerating quickly
A: fangs 3, see invisible, unbreathing
a: no special abilities


You were on level 4 of the Dungeon.
You were full.

You visited 1 branch of the dungeon, and saw 4 of its levels.

You collected 134 gold pieces.

Inventory:

Hand Weapons
 a - a +0 long sword (weapon)
 g - a +0 short sword of freezing
 B - a +0 dagger of venom
 C - a +3 short sword
Missiles
 d - 3 throwing nets (quivered)
 A - 16 bolts
Armour
 b - a +0 leather armour
 c - a +0 helmet (worn)
 q - a cursed +0 leather armour (worn)
 x - a +0 cloak (worn)
Jewellery
 f - a cursed amulet of magic regeneration (around neck)
 h - an uncursed ring of see invisible
 s - a ring of protection from magic (left hand)
Wands
 p - a wand of lightning (0/15)
Scrolls
 l - 2 scrolls of enchant armour {unknown}
 n - a scroll of recharging {unknown}
 o - a scroll of teleportation {unknown}
 t - a scroll of magic mapping {unknown}
 u - a scroll of amnesia {unknown}
 y - a scroll of random uselessness {unknown}
 z - a scroll of identify {unknown}
Potions
 i - a potion of lignification {unknown}
 j - a potion of flight {unknown}
 m - a potion of ambrosia {unknown}
 r - a potion of mutation {unknown}
 v - a potion of might {unknown}
 w - 2 potions of heal wounds {unknown}
Books
 k - a book of Cantrips

   Spells                             Type                      Level
   a - Confusing Touch                Hexes                        1
   b - Animate Skeleton               Necromancy                   1
   c - Summon Small Mammal            Summoning                    1
   d - Apportation                    Translocation                1


   Skills:
 - Level 1.7 Fighting
 * Level 7.1 Long Blades
 - Level 1.5 Throwing
 + Level 4.5 Dodging


You had 5 spell levels left.
You didn't know any spells.

Dungeon Overview and Level Annotations

Branches:
Dungeon (4/15)
 Temple: D:4-7

Altars:

Annotations:
D:3 GsBirdie's ghost, amateur MiBe


Innate Abilities, Weirdness & Mutations

Your natural rate of healing is unusually fast.
You have razor-sharp teeth.
You have supernaturally acute eyesight. (SInv)
You can survive without breathing.


Message History

The ogre shouts!
You can't go down here!
There is a stone staircase leading down here.
You hit the ogre.
The ogre is lightly wounded.
The ogre hits you with a giant club!
You hit the ogre but do no damage.
The ogre is lightly wounded.
The ogre barely misses you.
You closely miss the ogre.
The ogre is lightly wounded.
The ogre hits you with a giant club!!
Ouch! That really hurt!
* * * LOW HITPOINT WARNING * * *
You slash the ogre!
The ogre is heavily wounded.
You closely miss the ogre. You bite the ogre.
The ogre is heavily wounded.
The ogre hits you with a giant club!!
You die...

...# ##..###...# ...#
##...# #..# ..## #...##
...## ..# ##..## #...#
..###...# ..## .......##
####..## ###...##
###>.....## ###..##
##.........#
##...###.....@....#
##............O.....#
##..).#...............#
##....###.....(.........
#..^.###................
....## #................
...# #................
..# ##............... .#
##.........


You could see an ogre.

Vanquished Creatures
  A phantom (D:4)
  An ogre (D:4)
  A crimson imp (D:4)
  A hound (D:4)
  An orc wizard (D:4)
  An orc priest (D:4)
  A bullfrog skeleton (D:4)
  An iguana (D:4)
  A worker ant (D:4)
  3 adders
  4 dart slugs
  A leopard gecko (D:2)
  An orc (D:4)
  A ball python (D:2)
  7 bats
  A giant cockroach (D:2)
  8 goblins
  4 hobgoblins
  10 kobolds
  3 quokkas (D:2)
  2 frilled lizards (D:2)
  6 rats
60 creatures vanquished.

Notes
Turn   | Place    | Note
-------+----------+-------------------------------------------
     0 | D:1      | Psiweapon the Vampire Gladiator began the quest for the Orb.
     0 | D:1      | Reached XP level 1. HP: 16/16 MP: 1/1
   245 | D:1      | Reached XP level 2. HP: 22/22 MP: 2/2
   873 | D:1      | Reached XP level 3. HP: 23/27 MP: 3/3
  1280 | D:2      | Reached skill level 4 in Long Blades
  2442 | D:2      | Reached XP level 4. HP: 30/33 MP: 4/4
  2744 | D:3      | Noticed GsBirdie's ghost (amateur MiBe)
  3423 | D:4      | Noticed a phantom
  3452 | D:4      | Killed a phantom
  3452 | D:4      | Reached skill level 5 in Long Blades
  3452 | D:4      | Reached XP level 5. HP: 30/38 MP: 5/5
  3485 | D:4      | Noticed an ogre
  3497 | D:4      | Killed an ogre
  3497 | D:4      | Reached skill level 6 in Long Blades
  3497 | D:4      | Reached XP level 6. HP: 27/44 MP: 6/6
  3933 | D:4      | Reached skill level 7 in Long Blades
  4149 | D:4      | Demolished by an ogre

Vault maps used:
D:1:      dpeg_arrival_subterranean_lakeside_camping, minmay_tromino_v7
D:2:      first_bread
D:3:      minmay_goblin_kobold_castle

Skill      XL: |  1  2  3  4  5  6 |
---------------+-------------------+-----
Long Blades    | 4 5 6 7 |  7.1
Dodging        | 4 |  4.5
Fighting       | |  1.7
Throwing       | |  1.5

Action                   |  1- 3 |  4- 6 || total
-------------------------+-------+-------++-------
Melee: Long sword        |   138 |    97 ||   235
       Bite              |    11 |    14 ||    25
 Abil: End Transformatio |       |     1 ||     1
       Bat Form          |       |     1 ||     1
Evoke: Wand              |       |     3 ||     3
  Use: Potion            |     2 |    10 ||    12
 Stab: Sleeping          |     5 |     1 ||     6
  Eat: Corpse            |       |     1 ||     1
Armor: Leather armour    |    59 |    16 ||    75
Dodge: Dodged            |   111 |    57 ||   168
       Rpst.: Long sword |    28 |    19 ||    47
